[Event "*** Titled Tuesday Blitz"]
[Site "Chess.com"]
[Date "2020.04.28"]
[Round "2"]
[White "fridaywins"]
[Black "MateSchmate"]
[Result "0-1"]
[WhiteElo "2239"]
[BlackElo "2463"]
[TimeControl "180+1"]
[EndTime "10:16:56 PDT"]
[Termination "MateSchmate won by checkmate"]

1. e4 e6 2. d4 d5 3. Nc3 Bb4 4. Ne2 dxe4 5. a3 Be7 6. Nxe4 b6 7. N2g3 Bb7 8. Bb5+ Nd7 9. O-O a6 10. Bd3 Ngf6 11.
c3 h5 12. Qe2 h4 13. Nxf6+ Nxf6 14. Ne4 Qd5 15. f3 Qh5 16. Nxf6+ Bxf6 17. Be4 O-O-O 18. h3 Rhe8 19. Bf4 e5 20. dxe5 Bxe5 21. Bxe5 Rxe5 22. Rad1 Rxd1 23. Qxd1 Bxe4 24. fxe4 Qxd1 25. Rxd1 Rxe4 26.
Kf2 f5 27. Rd5 g6 28. Kf3 Re1 29. Rd2 Kb7 30. Kf4 Rf1+ 31. Kg5 f4 32. Kxh4 f3 33. Kg5 Rg1 34. g4 Rg2 35. Rd3 Rg3 36. Rd1 Rxh3 37. Kxg6 Kc6 38. g5 f2 39. Rf1 Rf3 40. Kh7 Kd6 41. g6 Ke7 42. g7 Rh3+ 43. Kg6 Rg3+ 44. Kh6 Rg2 45. Kh7 Kf6 46. g8=Q Rh2# 0-1

[Event "*** Titled Tuesday Blitz"]
[Site "Chess.com"]
[Date "2020.04.28"]
[Round "2"]
[White "SONOFHOLYGOD"]
[Black "Mimsychess"]
[Result "1-0"]
[WhiteElo "2648"]
[BlackElo "2333"]
[TimeControl "180+1"]
[EndTime "10:16:57 PDT"]
[Termination "SONOFHOLYGOD won by resignation"]

1. d4 Nf6 2. c4 e6 3. Nf3 b6 4. a3 Ba6 5. Nbd2 c5 6. dxc5 bxc5 7. e3 Be7 8. Be2 O-O 9. O-O d6 10. b3 Nbd7 11. Bb2 Bb7 12. Qc2 a5 13. Rfd1 Qb6 14.
Nb1 Be4 15. Qc3 Rab8 16. Nbd2 Bg6 17. Nh4 a4 18. Nxg6 hxg6 19. Rab1 axb3 20. Ba1 Ne5 21. Rxb3 Qa7 22. Rdb1 Rxb3 23. Qxb3 Ra8 24. Qb7 Qxb7 25.
Rxb7 Rxa3 26. Bxe5 dxe5 27. Rxe7 Ra2 28. Kf1 Rxd2 29. f3 Ra2 30. Rc7 Ra5 31. g4 g5 32.
Bd3 g6 33. Kf2 Ra2+ 34. Be2 Ra5 35. h3 e4 36. Bd1 Ra2+ 37. Kg3 Rd2 38. Ba4 Rd3 39.
fxe4 Rxe3+ 40. Kf2 Rxe4 41. Rxc5 Rf4+ 42. Kg2 Ne4 43. Rc7 Rf2+ 44. Kg1 Ra2 45. Be8 f5 46.
Bxg6 Ng3 47. Bf7+ Kf8 48. Bxe6 f4 49. c5 Ra1+ 50. Kg2 Ra2+ 51. Bxa2 1-0

[Event "*** Titled Tuesday Blitz"]
[Site "Chess.com"]
[Date "2020.04.28"]
[Round "2"]
[White "Belka1989"]
[Black "MoreChessJulia"]
[Result "1-0"]
[WhiteElo "2352"]
[BlackElo "1773"]
[TimeControl "180+1"]
[EndTime "10:16:57 PDT"]
[Termination "Belka1989 won by resignation"]

1. d4 c5 2. c3 d5 3. Nf3 Nf6 4. Bf4 Nc6 5. e3 e6 6. Nbd2 a6 7. Bd3 b5 8. Ne5 Nxe5 9. Bxe5 Nd7 10. Bg3 Be7 11. O-O O-O 12. Nf3 g6 13. Ne5 Nxe5 14. dxe5 c4 15. Bc2 a5 16. a3 Bc5 17. Qg4 Bd7 18. Bh4 Qb6 19. Bf6 Rfb8 20. Qg5 b4 21. h4 bxa3 22. bxa3 Qb2 23. Rfc1 Bxa3 24.
h5 Be8 25. hxg6 hxg6 26. Kh2 Bf8 27. Kg3 Bg7 28. Rh1 Qxc2 29. Bxg7 Qf5 30. Qf6 Qxf6 31.
exf6 1-0

[Event "*** Titled Tuesday Blitz"]
[Site "Chess.com"]
[Date "2020.04.28"]
[Round "2"]
[White "Mikhail_Golubev"]
[Black "temus_galaktionov"]
[Result "0-1"]
[WhiteElo "2501"]
[BlackElo "2753"]
[TimeControl "180+1"]
[EndTime "10:16:58 PDT"]
[Termination "temus_galaktionov won on time"]

1. e4 c6 2. d4 g6 3. Nf3 Bg7 4. Be2 d6 5. O-O Nd7 6. c4 e5 7.
Nc3 Ngf6 8. Qc2 O-O 9. Rd1 Qe7 10. b3 Re8 11. Ba3 exd4 12. Rxd4 Nc5 13. Re1 Nfxe4 14.
Rxe4 Nxe4 15. Bd3 f5 16. Nxe4 fxe4 17. Bxe4 Be6 18. Qd2 Rad8 19. h4 Qf6 20. Ng5 Bf5 21. Bd5+ cxd5 22. Qxd5+ Be6 23. Rxe6 Rxe6 24. Nxe6 Rd7 25.
Bb2 Qxb2 0-1

[Event "*** Titled Tuesday Blitz"]
[Site "Chess.com"]
[Date "2020.04.28"]
[Round "2"]
[White "Evgeny81"]
[Black "DrBergerBerger"]
[Result "1-0"]
[WhiteElo "2682"]
[BlackElo "2425"]
[TimeControl "180+1"]
[EndTime "10:16:59 PDT"]
[Termination "Evgeny81 won on time"]

1. d4 d5 2. c4 dxc4 3. Nf3 Nf6 4.
e3 a6 5. Bxc4 e6 6. O-O c5 7. b3 Nbd7 8. Bb2 b5 9. Be2 Bb7 10. a4 bxa4 11. Rxa4 Be7 12. Nbd2 O-O 13. Qa1 cxd4 14. Bxd4 Nc5 15. Ra5 Rc8 16. Rc1 Nfe4 17. Nxe4 Nxb3 18. Rxc8 Qxc8 19. Qb1 Nxa5 20. Neg5 g6 21. h4 Bd5 22. h5 Nc6 23. Ba1 Qb8 24.
Qd3 Rd8 25. Qc3 e5 26. e4 1-0

[Event "*** Titled Tuesday Blitz"]
[Site "Chess.com"]
[Date "2020.04.28"]
[Round "2"]
[White "vladislavkovalev"]
[Black "UCantHandleDenker"]
[Result "1-0"]
[WhiteElo "2861"]
[BlackElo "2555"]
[TimeControl "180+1"]
[EndTime "10:17:00 PDT"]
[Termination "vladislavkovalev won by resignation"]

1. e4 c5 2. Be2 d6 3. d3 g6 4. f4 Bg7 5. Nf3 Nc6 6. O-O Nf6 7. c3 Rb8 8. Kh1 O-O 9. Be3 b5 10. a3 a5 11. d4 Nxe4 12. d5 Na7 13. Nbd2 Bf5 14. Nxe4 Bxe4 15. Ng5 Bf5 16. g4 Bc8 17. f5 Bb7 18. fxg6 hxg6 19. Bf3 Bf6 20. Qe1 Kg7 21. Ne4 Be5 22. Rd1 Nc8 23. Qd2 Rh8 24. Bf4 Bxf4 25. Qxf4 f6 26. g5 f5 27. Nxc5 dxc5 28. Qxb8 Qd6 29. Qxd6 Nxd6 30. Rfe1 Kf7 31.
Re2 Rh4 32. Rde1 Nc8 33. Kg2 b4 34. Kg3 Rc4 35. d6 Bxf3 36. d7 Bxe2 1-0

[Event "*** Titled Tuesday Blitz"]
[Site "Chess.com"]
[Date "2020.04.28"]
[Round "2"]
[White "dzhumagaliev"]
[Black "IamSchrodingersCat"]
[Result "1-0"]
[WhiteElo "2753"]
[BlackElo "2498"]
[TimeControl "180+1"]
[EndTime "10:17:00 PDT"]
[Termination "dzhumagaliev won on time"]

1. Nf3 Nf6 2. d4 g6 3. g3 Bg7 4. Bg2 O-O 5. O-O d6 6. a4 Nbd7 7.
a5 a6 8. c4 e5 9. Nc3 Re8 10.
d5 Nf8 11. e4 Rb8 12. h3 c5 13. Ne1 Nh5 14. Nd3 f5 15. exf5 Bxf5 16. Ne4 Nf6 17.
Bg5 Bxe4 18. Bxe4 h6 19. Bxf6 Qxf6 20. b4 cxb4 21. Rb1 b6 22. Nxb4 bxa5 23. Nxa6 Rxb1 24.
Qxb1 Qf7 25. Qb6 Ra8 26. Qxd6 Qd7 27. Qxd7 Nxd7 28. Nc7 Rc8 29. d6 Bf8 30. Bd5+ Kg7 31. Be6 Bxd6 32. Nb5 Nb6 33. Bxc8 Nxc8 34. Nxd6 Nxd6 35.
c5 Nb5 36. c6 Kf6 37. Rb1 Nd6 38. c7 Ke7 39. Rd1 1-0

[Event "*** Titled Tuesday Blitz"]
[Site "Chess.com"]
[Date "2020.04.28"]
[Round "2"]
[White "MisiekZielony"]
[Black "avantage_ru"]
[Result "0-1"]
[WhiteElo "2118"]
[BlackElo "2606"]
[TimeControl "180+1"]
[EndTime "10:17:00 PDT"]
[Termination "avantage_ru won by resignation"]

1. c4 g6 2. Nc3 Bg7 3. g3 c5 4. Bg2 Nc6 5. e4 e6 6. Nge2 Nge7 7. d3 O-O 8. O-O d6 9. Be3 Nd4 10. Qd2 Rb8 11. Bh6 Nec6 12. Bxg7 Kxg7 13. b3 a6 14. f4 b5 15. Rae1 Bd7 16. Nxd4 cxd4 17. Ne2 e5 18. f5 f6 19. h4 bxc4 20. dxc4 Qa5 21. Qxa5 Nxa5 22. Nc1 Nc6 23. Nd3 Nb4 24.
Nxb4 Rxb4 25. Rc1 a5 26. c5 Bb5 27. Rfd1 Rd8 28. cxd6 Rxd6 29. Rc7+ Rd7 30. Rdc1 d3 31. Rxd7+ Bxd7 32. fxg6 Kxg6 33. Rd1 Rd4 34. Rd2 f5 35. Bh3 fxe4 36. Bxd7 e3 37. Rb2 e2 38. Kf2 d2 39. Rxd2 Rxd2 40. Bg4 Rxa2 41. Bxe2 Rb2 42. g4 Rxb3 43. Bf3 a4 44. Be4+ Kg7 0-1

[Event "*** Titled Tuesday Blitz"]
[Site "Chess.com"]
[Date "2020.04.28"]
[Round "2"]
[White "Antelacus"]
[Black "Leonid_Starozhilov"]
[Result "1/2-1/2"]
[WhiteElo "2313"]
[BlackElo "2596"]
[TimeControl "180+1"]
[EndTime "10:17:01 PDT"]
[Termination "Game drawn by repetition"]

1. d4 Nf6 2. c4 g6 3. Nc3 Bg7 4.
e4 d6 5. Nf3 Bg4 6. Be2 O-O 7.
O-O Nfd7 8. Be3 a6 9. Qd2 e5 10.
d5 f5 11. Bg5 Qe8 12. exf5 gxf5 13. Bh6 Qg6 14. Bxg7 Bxf3 15. Bxf3 Qxg7 16. Kh1 Nf6 17. Be2 Nbd7 18. f4 e4 19. Nd1 Kh8 20. Ne3 Qg6 21. Qd4 h5 22. b4 Kh7 23. c5 Rf7 24. cxd6 cxd6 25. Rac1 Nf8 26. Rc2 Rd8 27. Rfc1 Rdd7 28.
a4 Ng4 29. Bxg4 hxg4 30. g3 Qg7 31. Qxg7+ Kxg7 32. a5 Nh7 33. Kg1 Kg6 34. Kf2 Nf6 35.
Rc8 Rh7 36. Kg1 Rhf7 37. R1c2 Rh7 38. Rc1 Rhf7 39. R1c2 Rh7 40. Rc1 1/2-1/2

[Event "*** Titled Tuesday Blitz"]
[Site "Chess.com"]
[Date "2020.04.28"]
[Round "2"]
[White "AlexandraSamaganova"]
[Black "ChrisTool2"]
[Result "0-1"]
[WhiteElo "2071"]
[BlackElo "2387"]
[TimeControl "180+1"]
[EndTime "10:17:01 PDT"]
[Termination "ChrisTool2 won by resignation"]

1. c4 c5 2. Nc3 b6 3. Nf3 Bb7 4. e3 d6 5. d4 Nf6 6. d5 Nbd7 7. Bd3 g6 8. O-O Bg7 9. a3 Ng4 10. Be2 O-O 11. h3 Nge5 12. Nxe5 Nxe5 13. Rb1 e6 14. e4 exd5 15. Nxd5 Re8 16. Bf4 Nc6 17. f3 Nd4 18.
Bd3 Bxd5 19. cxd5 Qh4 20. Bxd6 Rad8 21. Bh2 h5 22. Bc4 b5 23. Bd3 c4 24. Bc2 a5 25.
Bc7 Ra8 26. Bb6 Nxc2 27. Qxc2 Qf6 28. Rbc1 Qxb6+ 0-1

[Event "*** Titled Tuesday Blitz"]
[Site "Chess.com"]
[Date "2020.04.28"]
[Round "2"]
[White "TST2014"]
[Black "Saloni1299"]
[Result "1/2-1/2"]
[WhiteElo "2632"]
[BlackElo "2320"]
[TimeControl "180+1"]
[EndTime "10:17:02 PDT"]
[Termination "Game drawn by agreement"]

1. d4 Nf6 2. c4 g6 3. Nf3 d5 4. cxd5 Nxd5 5. e4 Nb6 6. Nc3 Bg7 7. h3 O-O 8. Be3 Nc6 9. Be2 Na5 10. b3 c5 11. Rc1 cxd4 12. Bxd4 Nc6 13. Bxg7 Kxg7 14. O-O Qxd1 15. Rfxd1 h6 16. Nd5 Be6 17. Nc7 Rad8 18. Nxe6+ fxe6 19. Kf1 Kf6 20. Ke1 e5 21. Bb5 Nd4 22.
Nxd4 exd4 23. Rc7 Rb8 24. Rxd4 Rfc8 25. Rxc8 Rxc8 26. f4 Rc2 27. Rd2 Rc3 28. Kf2 a6 29.
Be2 Rc1 30. g4 g5 31. e5+ Kg7 32. f5 Rc5 33. e6 Nd5 34. Bf3 Nf4 35. Bxb7 a5 36.
Bg2 h5 37. Bf3 Nxh3+ 38. Kg3 Nf4 39. gxh5 Rxf5 40. Kg4 Re5 41. Rh2 Kh6 42. Rc2 Rxe6 43. Re2 Nxe2 44. Bxe2 Rxe2 45. a3 Re3 1/2-1/2

[Event "*** Titled Tuesday Blitz"]
[Site "Chess.com"]
[Date "2020.04.28"]
[Round "2"]
[White "Lysiak_Poltorak"]
[Black "Semetey"]
[Result "1-0"]
[WhiteElo "2313"]
[BlackElo "2549"]
[TimeControl "180+1"]
[EndTime "10:17:02 PDT"]
[Termination "Lysiak_Poltorak won by resignation"]

1. e4 c5 2. Nf3 d6 3. d4 cxd4 4. Nxd4 Nf6 5. Nc3 a6 6. Bg5 Nbd7 7. Qd2 h6 8. Bxf6 Nxf6 9. O-O-O e6 10. f4 Qc7 11. g4 Bd7 12. g5 hxg5 13. fxg5 Ng4 14. h4 O-O-O 15. Nf3 Qc5 16. Rg1 Ne5 17. Nxe5 Qxe5 18.
Qf2 f6 19. Qa7 Bc6 20. gxf6 gxf6 21. Bc4 Rxh4 22. Kb1 f5 23. Rg6 Re8 24. Rg8 fxe4 25. Rxf8 Rxf8 26. Qa8+ Kc7 27. Qxf8 d5 28. Qe7+ Kb6 29.
Qxh4 dxc4 30. Qf2+ e3 31. Qe2 Ka7 32. Re1 1-0

[Event "*** Titled Tuesday Blitz"]
[Site "Chess.com"]
[Date "2020.04.28"]
[Round "2"]
[White "JakeCarlosBanawa"]
[Black "Volodar_Murzin"]
[Result "0-1"]
[WhiteElo "2316"]
[BlackElo "2647"]
[TimeControl "180+1"]
[EndTime "10:17:03 PDT"]
[Termination "Volodar_Murzin won on time"]

1. d4 Nf6 2. c4 g6 3. Nc3 Bg7 4. e4 O-O 5. Nf3 d6 6. Be2 Nbd7 7. O-O e5 8. Re1 Re8 9. d5 Nc5 10. Bf1 a5 11. b3 Bd7 12. a3 a4 13. b4 Nb3 14.
Rb1 Nd4 15. h3 c6 16. dxc6 Bxc6 17. b5 Bd7 18. Nxa4 Nxf3+ 19. gxf3 Nh5 20. Nc3 Qh4 21. Qxd6 Bxh3 22. Bxh3 Qxh3 23. Qd1 Nf4 24. Bxf4 exf4 25. e5 Rxe5 26. Rxe5 Bxe5 27. Ne4 Qe6 28. Qd3 Kg7 29. c5 Qa2 30. Rb3 Ra4 31. c6 bxc6 32. bxc6 Rd4 33. Qb5 Rd1+ 34. Kh2 Qa1 0-1

[Event "*** Titled Tuesday Blitz"]
[Site "Chess.com"]
[Date "2020.04.28"]
[Round "2"]
[White "AndrewDGreen"]
[Black "JonahWillow"]
[Result "0-1"]
[WhiteElo "2322"]
[BlackElo "2688"]
[TimeControl "180+1"]
[EndTime "10:17:04 PDT"]
[Termination "JonahWillow won by checkmate"]

1. d4 c5 2. d5 d6 3. e4 Nf6 4.
Nc3 g6 5. Bb5+ Nbd7 6. a4 Bg7 7. Nf3 O-O 8. O-O a6 9. Be2 Ng4 10. Nd2 Nh6 11. Nc4 f5 12. a5 b5 13. axb6 Nxb6 14.
Na5 Bd7 15. Bg5 Nf7 16. Bd2 fxe4 17. Re1 Ne5 18. Bf1 Bg4 19. Qc1 Qd7 20. Bf4 Qf5 21. Bg3 h5 22. h3 Bxh3 23. Bxe5 Qxf2+ 24. Kh1 Bxe5 25. Qg5 Bf5 26. Nxe4 Bxe4 27. Rxe4 Qxf1+ 28. Rxf1 Rxf1# 0-1

[Event "*** Titled Tuesday Blitz"]
[Site "Chess.com"]
[Date "2020.04.28"]
[Round "2"]
[White "Efremov_Vlad"]
[Black "MasterKroket"]
[Result "1-0"]
[WhiteElo "2138"]
[BlackElo "2390"]
[TimeControl "180+1"]
[EndTime "10:17:05 PDT"]
[Termination "Efremov_Vlad won by resignation"]

1. c4 e6 2. d4 Nf6 3. Nf3 b6 4. g3 Bb7 5. Bg2 Be7 6. O-O O-O 7. Nc3 Ne4 8. Bd2 f5 9. d5 Bf6 10. Rc1 Nxd2 11. Nxd2 e5 12. b4 a5 13. a3 axb4 14.
axb4 d6 15. Nb5 Nd7 16. Nb3 Ra2 17. c5 dxc5 18. bxc5 Ba6 19. Nc3 Ra3 20. cxb6 cxb6 21. Ra1 Rxa1 22. Qxa1 Bc4 23. Nd2 Qc8 24. Nxc4 Qxc4 25. Rc1 e4 26. Qa3 Rc8 27. Na2 Qxc1+ 28. Nxc1 Rc3 29. Qa8+ Kf7 30. Na2 Rc2 31. Qb7 Ke7 32. Nb4 Rc1+ 33. Bf1 Kd6 34. Kg2 g5 35. e3 f4 36. exf4 gxf4 37. gxf4 Rc7 38. Qa6 Bd4 39. Bb5 Nf6 40. Qa8 Kc5 41. Na6+ 1-0

[Event "*** Titled Tuesday Blitz"]
[Site "Chess.com"]
[Date "2020.04.28"]
[Round "2"]
[White "Gabrielian_Artur"]
[Black "Confer77"]
[Result "1-0"]
[WhiteElo "2720"]
[BlackElo "2483"]
[TimeControl "180+1"]
[EndTime "10:17:06 PDT"]
[Termination "Gabrielian_Artur won by resignation"]

1. e4 e5 2. Nc3 Nf6 3. g3 Bc5 4. Bg2 d6 5. Nge2 h5 6. h3 Nc6 7. Na4 Be6 8. c3 a6 9. d4 exd4 10. cxd4 Bb4+ 11. Nac3 d5 12. e5 Ne4 13. O-O Nxc3 14.
bxc3 Be7 15. Rb1 b5 16. Nf4 Qd7 17. a4 bxa4 18. Qxa4 O-O 19. Ba3 Bxa3 20. Qxa3 h4 21. Qc5 hxg3 22. fxg3 Rfd8 23. Rb7 Rab8 24. Rfb1 Rxb7 25.
Rxb7 g5 26. Nh5 Kh8 27. Nf6 1-0

[Event "*** Titled Tuesday Blitz"]
[Site "Chess.com"]
[Date "2020.04.28"]
[Round "2"]
[White "ElHelvetico"]
[Black "stasiek18"]
[Result "1-0"]
[WhiteElo "2650"]
[BlackElo "2348"]
[TimeControl "180+1"]
[EndTime "10:17:06 PDT"]
[Termination "ElHelvetico won by resignation"]

1. e4 c6 2. Nc3 d5 3. Nf3 Bg4 4. h3 Bxf3 5. Qxf3 Nf6 6. g3 e6 7. Bg2 Nbd7 8. O-O Bc5 9. d3 O-O 10. Qe2 Re8 11. e5 d4 12. exf6 dxc3 13. fxg7 Bd4 14.
bxc3 Bxc3 15. Rb1 Nb6 16. Qh5 Qf6 17. Be4 Qxg7 18. Bh6 Qe5 19. Qg4+ Kh8 20. Qh4 f5 21. Bg2 Rg8 22. a4 Rg6 23. Bf4 Qd4 24. a5 Bxa5 25. Rb3 e5 26. Bg5 Qxh4 27. Bxh4 Kg8 28. Ra1 Bd2 29.
Rxb6 f4 30. Rxb7 1-0

[Event "*** Titled Tuesday Blitz"]
[Site "Chess.com"]
[Date "2020.04.28"]
[Round "2"]
[White "NewBornNow"]
[Black "leoduarte"]
[Result "1-0"]
[WhiteElo "2632"]
[BlackElo "2262"]
[TimeControl "180+1"]
[EndTime "10:17:06 PDT"]
[Termination "NewBornNow won on time"]

1. e4 c5 2. Nf3 e6 3. d4 cxd4 4. Nxd4 Nc6 5. Nc3 Qc7 6. Be2 a6 7. O-O Nf6 8. Be3 d6 9. f4 Be7 10. Kh1 O-O 11. Qe1 Bd7 12. Qg3 Nxd4 13. Bxd4 Bc6 14.
Bd3 b5 15. a3 Qb7 16. Rae1 b4 17. Nd1 bxa3 18. bxa3 Rac8 19. Nc3 Ne8 20. Qh3 h6 21. Re3 Bf6 22. e5 dxe5 23. fxe5 Bg5 24. Rg3 Qe7 25.
Rf6 Nxf6 26. exf6 Bxf6 27. Qxh6 g6 28. Bxg6 Bxg2+ 29. Rxg2 fxg6 30. Rxg6+ Kf7 31. Rxf6+ Ke8 32. Rxe6 Rf1+ 33. Kg2 1-0

[Event "*** Titled Tuesday Blitz"]
[Site "Chess.com"]
[Date "2020.04.28"]
[Round "2"]
[White "damayito"]
[Black "AnonymusDonkey"]
[Result "0-1"]
[WhiteElo "1644"]
[BlackElo "2349"]
[TimeControl "180+1"]
[EndTime "10:17:06 PDT"]
[Termination "AnonymusDonkey won by resignation"]

1. e4 c5 2. Nc3 a6 3. g3 b5 4.
Bg2 Bb7 5. d3 e6 6. Nge2 d5 7.
O-O Be7 8. exd5 exd5 9. d4 c4 10. Nf4 Nf6 11. Nce2 O-O 12. c3 Nbd7 13. a3 Ne4 14. f3 Nef6 15. Qc2 a5 16. Bd2 Qb6 17. Nh3 b4 18. axb4 axb4 19. Nef4 b3 20. Qf5 g6 21.
Qb1 Rxa1 22. Qxa1 Ra8 23. Qe1 Bf8 24. Qe3 Re8 25. Qf2 Qa7 26. Re1 Rxe1+ 27. Qxe1 Qa2 28. Qc1 Ba3 29. Ne2 Qxb2 30. Qxb2 Bxb2 31. Bc1 Bxc1 32.
Nxc1 b2 0-1

[Event "*** Titled Tuesday Blitz"]
[Site "Chess.com"]
[Date "2020.04.28"]
[Round "2"]
[White "LucaBrasi1968"]
[Black "francyIM"]
[Result "0-1"]
[WhiteElo "2477"]
[BlackElo "2708"]
[TimeControl "180+1"]
[EndTime "10:17:07 PDT"]
[Termination "francyIM won by resignation"]

1. d4 Nf6 2. Nf3 g6 3. Bg5 Bg7 4.
e3 O-O 5. Bd3 d5 6. O-O Bg4 7.
Nbd2 Nbd7 8. h3 Bxf3 9. Nxf3 c6 10. Bf4 Re8 11. c4 dxc4 12. Bxc4 Nd5 13. Bg3 N5b6 14. Bb3 e5 15. dxe5 Nxe5 16. Nxe5 Bxe5 17. Bxe5 Rxe5 18. Qxd8+ Rxd8 19. Rfd1 Ree8 20. Kf1 Kf8 21. Ke2 Ke7 22. Rxd8 Rxd8 23. Rd1 Rc8 24. f4 c5 25. Bd5 Rc7 26. e4 Rd7 27. Bb3 c4 28. Rxd7+ Kxd7 29. Bc2 Kd6 30. Ke3 Kc5 31. e5 Nd5+ 32. Kf3 Kd4 33.
Be4 Nb4 34. a3 Nd3 35. Bxb7 Nxb2 36. Ke2 c3 37. Ba6 Na4 38. Bb5 Nc5 39. Be8 Nd3 40. Kd1 Nxf4 41. Bxf7 Kxe5 42. Kc2 Kd4 43. Bg8 h6 44. Bh7 g5 45. g4 Nxh3 46. Bf5 Nf4 47. Bh7 Ng2 48. Bg8 Ne3+ 49. Kc1 Nxg4 0-1

[Event "*** Titled Tuesday Blitz"]
[Site "Chess.com"]
[Date "2020.04.28"]
[Round "2"]
[White "Larisa004"]
[Black "emperor87"]
[Result "0-1"]
[WhiteElo "2104"]
[BlackElo "2605"]
[TimeControl "180+1"]
[EndTime "10:17:07 PDT"]
[Termination "emperor87 won on time"]

1. e4 c6 2. d4 d5 3. Nc3 dxe4 4. Nxe4 Nd7 5. Nf3 Ngf6 6. Nxf6+ Nxf6 7. c3 Bf5 8. Bd3 Bxd3 9. Qxd3 e6 10. O-O Be7 11. Bf4 O-O 12. Be5 Qb6 13. b4 Rfd8 14.
Qc2 a5 15. a3 Ra6 16. Nd2 Qa7 17. Nb3 b6 18. bxa5 bxa5 19. Nd2 a4 20. Nc4 Nd5 21.
Rab1 Qd7 22. Rb2 c5 23. Rfb1 cxd4 24. Bxd4 Raa8 25. Rb7 Qc8 26. Qe2 Rd7 27. R7b2 Rc7 28. Nb6 Nxb6 29. Rxb6 Rc6 30. Qg4 g6 31. Rxc6 Qxc6 32.
Rb6 Qd5 33. Qd1 Bxa3 34. Qb1 Bf8 35. Rb8 a3 36. Rxa8 Qxa8 37. Qa2 Qd5 38. Qb1 a2 39.
Qa1 Qb3 40. c4 Qb1+ 0-1

[Event "*** Titled Tuesday Blitz"]
[Site "Chess.com"]
[Date "2020.04.28"]
[Round "2"]
[White "morfius"]
[Black "FairChess_on_YouTube"]
[Result "1/2-1/2"]
[WhiteElo "2602"]
[BlackElo "3046"]
[TimeControl "180+1"]
[EndTime "10:17:08 PDT"]
[Termination "Game drawn by agreement"]

1. e4 c5 2. Nf3 e6 3. d4 cxd4 4. Nxd4 Nc6 5. Nc3 Qc7 6. Be3 a6 7. a3 Nf6 8. f4 d6 9. Qf3 e5 10. Nxc6 bxc6 11. Bc4 Rb8 12. Bb3 Ng4 13. O-O Nxe3 14.
Qxe3 Be7 15. fxe5 O-O 16. Rf2 dxe5 17. Raf1 Be6 18. Bxe6 fxe6 19. Rxf8+ Bxf8 20. Qh3 Bc5+ 21. Kh1 Qe7 22. b4 Ba7 23. Qd3 a5 24. bxa5 Qxa3 25. Qc4 Qd6 26. Rd1 Bd4 27. Ne2 Rf8 28. a6 Ba7 29.
Nc3 Bd4 30. Ne2 Ba7 31. Nc3 1/2-1/2

[Event "*** Titled Tuesday Blitz"]
[Site "Chess.com"]
[Date "2020.04.28"]
[Round "2"]
[White "Guachiney"]
[Black "lupta_robin"]
[Result "1-0"]
[WhiteElo "2843"]
[BlackElo "2541"]
[TimeControl "180+1"]
[EndTime "10:17:08 PDT"]
[Termination "Guachiney won on time"]

1. e4 g6 2. d4 Nf6 3. e5 Nh5 4. Nc3 d6 5. f4 dxe5 6. fxe5 Nc6 7. Nf3 Bg4 8. Bb5 e6 9. O-O Qd7 10. h3 Bxf3 11. Qxf3 O-O-O 12. Be3 Ng7 13. g4 h5 14.
Kg2 hxg4 15. hxg4 Be7 16. Rh1 Rxh1 17. Rxh1 Qe8 18. Bxc6 bxc6 19. Ne4 Qg8 20. c3 Ne8 21. b4 Kd7 22. Bg5 Rb8 23. Qf4 Qg7 24. Bf6 Bxf6 25.
exf6 Qf8 26. Rh7 Nd6 27. Nc5+ Kc8 28. Qh2 Qd8 29. Rh8 Ne8 30. Qh7 Qd5+ 31. Kg1 1-0

[Event "*** Titled Tuesday Blitz"]
[Site "Chess.com"]
[Date "2020.04.28"]
[Round "2"]
[White "Fh2411"]
[Black "Zurability"]
[Result "0-1"]
[WhiteElo "2474"]
[BlackElo "2710"]
[TimeControl "180+1"]
[EndTime "10:17:08 PDT"]
[Termination "Zurability won by resignation"]

1. Nf3 d5 2. c4 d4 3. d3 Nc6 4.
g3 e5 5. Bg2 Nf6 6. O-O a5 7.
e3 Be7 8. exd4 exd4 9. Nbd2 O-O 10. Re1 Bf5 11. Bf1 h6 12. a3 Qd7 13. Ne5 Nxe5 14. Rxe5 Bd6 15. Re1 Rfe8 16. Nf3 Bc5 17. Bf4 Bg4 18.
Bg2 g5 19. Bd2 Qf5 20. Rxe8+ Rxe8 21. b4 Ba7 22. Rb1 Qxd3 23. Rb3 Qxc4 24. bxa5 d3 25.
Rxb7 Bxf2+ 26. Kxf2 Qc5+ 27. Kf1 Re2 28. Be1 Qe3 29. Ng1 Rxg2 0-1

[Event "*** Titled Tuesday Blitz"]
[Site "Chess.com"]
[Date "2020.04.28"]
[Round "2"]
[White "Joseph_Truelson"]
[Black "TargetA"]
[Result "0-1"]
[WhiteElo "2220"]
[BlackElo "2458"]
[TimeControl "180+1"]
[EndTime "10:17:08 PDT"]
[Termination "TargetA won by resignation"]

1. c4 g6 2. e4 Bg7 3. Nc3 c5 4. g3 Nc6 5. Bg2 d6 6. Nge2 e5 7. O-O f5 8. f4 Nf6 9. d3 O-O 10. h3 Rb8 11. Kh2 a6 12. a4 Bd7 13. Be3 Nd4 14. Nd5 Nxd5 15. cxd5 b5 16. axb5 axb5 17.
Nxd4 exd4 18. Bd2 fxe4 19. Bxe4 c4 20. Ra7 c3 21. bxc3 dxc3 22. Be3 b4 23. Qb3 Qc8 24.
g4 Re8 25. f5 Be5+ 26. Kh1 gxf5 27. Bxf5 Bxf5 28. Rxf5 Rb7 29. Qa4 Ree7 30. Ra8 Rb8 31. Rg5+ Kh8 32. Ra7 Rxa7 33. Qxa7 Qb7 34. Qa5 b3 0-1

[Event "*** Titled Tuesday Blitz"]
[Site "Chess.com"]
[Date "2020.04.28"]
[Round "2"]
[White "AlanZhang"]
[Black "Soltan49"]
[Result "0-1"]
[WhiteElo "2160"]
[BlackElo "2420"]
[TimeControl "180+1"]
[EndTime "10:17:08 PDT"]
[Termination "Soltan49 won on time"]

1. e4 c6 2. d4 d5 3. Nc3 dxe4 4. Nxe4 Nf6 5. Nxf6+ gxf6 6. g3 h5 7. Nf3 Bg4 8. Bg2 h4 9. h3 Bxf3 10. Bxf3 hxg3 11. fxg3 e6 12. Qd3 Bd6 13. Bf4 Bxf4 14. gxf4 f5 15. O-O-O Nd7 16. c4 Qc7 17. Qe3 O-O-O 18.
Be2 Kb8 19. Kb1 Nf6 20. Rhg1 Rh4 21. Rdf1 Rdh8 22. Rf3 Rg8 23. Rxg8+ Nxg8 24. Qg1 Qd8 25. Rg3 Ne7 26. Rg7 Rxf4 27. Rxf7 Nc8 28. d5 exd5 29. Qg2 Re4 30. Qg3+ f4 31. Rxf4 Qc7 32. Rf3 Rxe2 0-1

[Event "*** Titled Tuesday Blitz"]
[Site "Chess.com"]
[Date "2020.04.28"]
[Round "2"]
[White "Tsubasa"]
[Black "pirulillo"]
[Result "1-0"]
[WhiteElo "2415"]
[BlackElo "2135"]
[TimeControl "180+1"]
[EndTime "10:17:08 PDT"]
[Termination "Tsubasa won by resignation"]

1. d4 Nf6 2. c4 g6 3. Nc3 Bg7 4. e4 d6 5. Nf3 O-O 6. Be2 e5 7.
O-O Nc6 8. d5 Ne7 9. Ne1 Nd7 10.
Be3 f5 11. f3 Nf6 12. c5 f4 13.
Bf2 Ne8 14. Rc1 g5 15. g4 fxg3 16. hxg3 Ng6 17. Ng2 Rf7 18. Qd2 Bf8 19. b4 h5 20.
Be3 Be7 21. cxd6 cxd6 22. f4 exf4 23. gxf4 g4 24. Bd4 h4 25. e5 Bf5 26. e6 Rh7 27.
Bd3 Rh5 28. Bxf5 Rxf5 29. Qd3 Bf6 30. Qxf5 Bxd4+ 31. Kh1 Qf6 32. Qxg4 Ng7 33. Ne4 Qf5 34. Qxf5 Nxf5 35. Ng5 Ng3+ 36. Kh2 Nxf1+ 37. Rxf1 Rc8 38.
f5 Ne5 39. f6 Ng4+ 40. Kh3 Nxf6 41. Kxh4 Rc2 42. Nf4 Rh2+ 43. Kg3 Rxa2 44. e7 Ra3+ 45. Kh4 Ne8 46. Nfe6 Bg7 47. Nxg7 Kxg7 48. Ne6+ Kg6 49. Rf8 Ng7 50. Rg8 Kf6 51. Rxg7 Ra4 52. e8=Q Rxb4+ 53. Kh5 1-0

[Event "*** Titled Tuesday Blitz"]
[Site "Chess.com"]
[Date "2020.04.28"]
[Round "2"]
[White "grzechu96"]
[Black "Camels1981"]
[Result "0-1"]
[WhiteElo "2603"]
[BlackElo "2203"]
[TimeControl "180+1"]
[EndTime "10:17:09 PDT"]
[Termination "Camels1981 won on time"]

1. e4 c5 2. Nf3 d6 3. d4 cxd4 4. Nxd4 Nf6 5. Nc3 a6 6. h3 e6 7.
g4 b5 8. Bg2 Nfd7 9. e5 d5 10.
Nxd5 exd5 11. Bxd5 Ra7 12. e6 fxe6 13. Nxe6 Qf6 14.
O-O Ne5 15. Bg5 Qg6 16. Re1 Bd6 17. Bb3 Rd7 18. Rxe5 Bxe5 19. Qe2 Nc6 20. f4 h6 21. f5 Qf7 22. Bf4 Qf6 23. Qe4 Bb7 24. Re1 Nd4 0-1